 Dungeon Crawl Stone Soup version 0.30-a0-331-g8ab09dc110 (webtiles) character file.

Game seed: 7528066346696982188

196 oldriver the Magician (level 6, 0/45 HPs)
             Began as a Human Hedge Wizard on Oct 29, 2022.
             Killed by nerve-wracking pain
             ... invoked by Grinder
              (10 damage)
             ... on level 3 of the Dungeon.
             The game lasted 00:04:11 (4417 turns).

oldriver the Magician (Human Hedge Wizard)          Turns: 4417, Time: 00:04:11

Health: 0/45       AC:  2    Str: 10    XL:     6   Next: 4%
Magic:  12/12      EV: 12    Int: 17    God:
Gold:   226        SH:  0    Dex: 12    Spells: 11/14 levels left

rFire   . . .      SeeInvis .    a - +0 dagger
rCold   . . .      Faith    .    (no shield)
rNeg    . . .      Spirit   .    b - +0 robe
rPois   .          Reflect  .    c - +0 hat
rElec   .          Harm     .    (no cloak)
rCorr   .          Rampage  .    (no gloves)
Will    .....                    (no boots)
Stlth   ++........               (no amulet)
HPRegen 0.27/turn                (no ring)
MPRegen 0.13/turn                (no ring)

@: no status effects
A: no striking features
a: no special abilities


You were on level 3 of the Dungeon.
You visited 1 branch of the dungeon, and saw 4 of its levels.

You collected 226 gold pieces.

Inventory:

Hand Weapons
 a - a +0 dagger (weapon)
 r - a +0 short sword of distortion
Armour
 b - a +0 robe (worn)
 c - a +0 hat (worn)
Wands
 n - a wand of paralysis (4)
Scrolls
 e - 2 scrolls of teleportation {unknown}
 f - a scroll of enchant weapon {unknown}
 g - a scroll of magic mapping {unknown}
 h - 2 scrolls of fear {unknown}
 j - a scroll of vulnerability {unknown}
 k - a scroll of amnesia {unknown}
 l - a scroll of silence {unknown}
 m - 2 scrolls of blinking {unknown}
 o - a scroll of poison {unknown}
 p - 2 scrolls of identify {unknown}
 q - a scroll of enchant armour {unknown}
Potions
 i - a potion of heal wounds {unknown}
 s - a potion of curing {unknown}


   Skills:
 + Level 2.3 Fighting
 - Level 2.0 Dodging
 - Level 2.0 Stealth
 * Level 4.6 Spellcasting
 + Level 2.7 Conjurations
 - Level 1.0 Summonings
 - Level 1.0 Translocations


You had 11 spell levels left.
You knew the following spells:

 Your Spells              Type           Power      Damage    Failure   Level
a - Magic Dart            Conj           52%        1d5       4%          1
b - Call Imp              Summ           7%         N/A       14%         2

Your spell library contained the following spells:

 Spells                   Type           Power      Damage    Failure   Level
 Blink                    Tloc           14%        N/A       14%         2
 Slow                     Hex            12%        N/A       16%         1
 Cigotuvi's Dreadful Rot  Necr/Pois/Air  6%         N/A       22%         2
 Mephitic Cloud           Conj/Pois/Air  7%         N/A       30%         3
 Animate Dead             Necr           3%         N/A       83%         4
 Haunt                    Necr/Summ      2%         N/A       100%        7
 Infestation              Necr           1%         N/A       100%        8


Dungeon Overview and Level Annotations

Branches:
Dungeon (4/15)
 Temple: D:4-7

Altars:
Makhleb
Uskayaw
Yredelemnul

Annotations:
D:3 Grinder


Message History

The magic dart hits Grinder.
Grinder is heavily wounded.
Grinder gestures at you. You resist with significant effort.
Your white imp misses Grinder.
Casting: Magic Dart (safe; 4% risk of failure)
Confirm with . or Enter, or press ? or * to list all spells.
Aiming: Magic Dart (safe; 4% risk of failure)
Press: ? - help, Shift-Dir - straight line, f/p - Grinder
Aim: Grinder (heavily wounded, ally target, 100% to hit)
The magic dart hits Grinder but does no damage.
Grinder is heavily wounded.
Grinder barely misses you.
Your white imp hits Grinder but does no damage.
Casting: Magic Dart (safe; 4% risk of failure)
Confirm with . or Enter, or press ? or * to list all spells.
Aiming: Magic Dart (safe; 4% risk of failure)
Press: ? - help, Shift-Dir - straight line, f/p - Grinder
Aim: Grinder (heavily wounded, not watching you, ally target, 100% to hit)
The magic dart hits Grinder but does no damage.
Grinder is heavily wounded.
Grinder hits you.
You writhe in agony.
Your white imp barely misses Grinder.
Unknown command.
You hit Grinder but do no damage.
Grinder is heavily wounded.
Grinder gestures at you.
You barely resist.
Your white imp gestures at Grinder.
The puff of frost hits Grinder.
Grinder completely resists.
You hit Grinder.
Grinder is heavily wounded.
Grinder says, "Are you a fish?" Grinder hits you!
* * * LOW HITPOINT WARNING * * *
You writhe in agony.
* * * LOW HITPOINT WARNING * * *
Your white imp barely misses Grinder.
Magic courses through your body. Grinder gestures at you.
Pain shoots through your body!
You die...

####################.#.###
#......†...............#
#..#...#..†#...#...##.##
#_....................#####
##..#...#...#...#...#......#
.#...................#.###.#
.####################...##.#
.................'.......#.#
...............>@##.#...##.#
##.######.....55###.#..###.#
#### #........## #.#.## #.#
# #.#.#...## #.#.####.# #
####.#.##'## #........#
####....#....# ###.######
.....#######.# #.#
####....#....## #.#
####.#.....#######.#


You could see Grinder (ally target) and a friendly white imp (summoned).

Vanquished Creatures
  A hound (D:4)
  7 adders
  A dart slug (D:1)
  An orc (D:2)
  10 ball pythons
  4 endoplasms
  3 giant cockroaches (D:1)
  7 goblins
  5 hobgoblins
  4 jackals
  6 bats
  4 frilled lizards
  4 kobolds
  2 rats (D:2)
59 creatures vanquished.

Vanquished Creatures (collateral kills)
  A hound (D:4)
  A worm (D:4)
  A goblin (D:4)
  A hobgoblin (D:2)
  2 jackals
  A kobold (D:3)
7 creatures vanquished.

Grand Total: 66 creatures vanquished

Notes
Turn   | Place    | Note
-------+----------+-------------------------------------------
     0 | D:1      | oldriver the Human Hedge Wizard began the quest for the
                  | Orb.
     0 | D:1      | Reached XP level 1. HP: 13/13 MP: 4/4
   193 | D:1      | Reached XP level 2. HP: 10/20 MP: 0/6
   787 | D:1      | Reached skill level 1 in Fighting
   814 | D:1      | Reached XP level 3. HP: 26/26 MP: 5/7
  1516 | D:2      | Reached XP level 4. HP: 7/32 MP: 0/9
  1773 | D:2      | Learned a level 2 spell: Call Imp
  2063 | D:2      | You fall into a shaft and drop 2 floors!
  2143 | D:4      | Reached skill level 4 in Spellcasting
  2228 | D:4      | Noticed an ogre
  2257 | D:4      | Reached XP level 5. HP: 38/38 MP: 6/11
  2430 | D:4      | Noticed a kobold brigand
  2717 | D:3      | Found a burning altar of Makhleb.
  2717 | D:3      | Found a hide-covered altar of Uskayaw.
  3049 | D:3      | Found a faded altar of an unknown god.
  3698 | D:3      | Found a basalt altar of Yredelemnul.
  4182 | D:2      | Reached XP level 6. HP: 43/45 MP: 8/12
  4395 | D:4      | Noticed Grinder
  4417 | D:3      | Killed from afar by Grinder

Illustrated notes

Levels and vault maps discovered:
D:1:      dpeg_arrival_prison, layout_loops_ring, serial_bayou_pond_e
D:2:      layout_basic, serial_forest, infiniplex_forest_side_room,
          infiniplex_forest_clump_double, infiniplex_forest_lined_2,
          infiniplex_forest_corner_2, infiniplex_forest_lined_2,
          infiniplex_forest_fountain, infiniplex_forest_clump_medium,
          kennysheep_crisscross
D:3:      layout_loops_corners, lemuel_coloured_pillars_altar,
          gammafunk_temple_overflow_elements,
          hellmonk_ecumenical_altar_dog_temple, chequers_serial_rivers_small_b,
          moated_statue
D:4:      layout_rooms, minmay_temple_entry_glassed_door, serial_curves,
          eino_curves_03, eino_curves_02, uniq_grinder

Skill      XL: |  1  2  3  4  5 |
---------------+----------------+-----
Fighting       | 1 2 |  2.3
Conjurations   | 2 |  2.7
Spellcasting   | 4 |  4.6
Dodging        | |  2.0
Stealth        | |  2.0
Summonings     | |  1.0
Translocations | |  1.0

Action                   |  1- 3 |  4- 6 || total
-------------------------+-------+-------++-------
Melee: Dagger            |    26 |    18 ||    44
 Cast: Magic Dart        |    72 |    96 ||   168
       Call Imp          |       |    11 ||    11
  Use: Potion            |     1 |     1 ||     2
Armor: Robe              |     7 |     8 ||    15
       Skin              |    10 |     2 ||    12
Dodge: Dodged            |    27 |    38 ||    65

Table legend: (Time is in decaauts)
 A = Elapsed time spent in this place.
 B = Non-inter-level travel time spent in this place.
 C = Inter-level travel time spent in this place.
 D = Time resting spent in this place.
 E = Time spent auto-exploring this place.
 F = Levels seen in this place.
 G = Mean time per level.
                   A        B        C        D        E       F      G
               +--------+--------+--------+--------+--------+-----+--------+
         Total |   4419 |   4240 |    179 |    660 |   3121 |   4 | 1104.8 |
       Dungeon |   4419 |   4240 |    179 |    660 |   3121 |   4 | 1104.8 |
               +--------+--------+--------+--------+--------+-----+--------+

Top non-repeatable levels by time:
     D:1: 1492 daAuts
     D:3: 1350 daAuts
     D:2: 1175 daAuts
     D:4: 401 daAuts
